 Dungeon Crawl Stone Soup version 0.28.0-53-g5a82cb258f (webtiles) character file.

Game seed: 13918716831424511269

30 protoss039 the Digger (level 3, 18/26 HPs)
             Began as a Demonspawn Earth Elementalist on June 16, 2022.
             Got out of the dungeon alive.
             The game lasted 00:01:20 (1465 turns).

protoss039 the Digger (DsEE)                        Turns: 1465, Time: 00:01:20

Health: 18/26      AC:  3    Str:  8    XL:     3   Next: 5%
Magic:  6/6        EV: 13    Int: 18    God:
Gold:   30         SH:  0    Dex: 13    Spells: 3/6 levels left

rFire   . . .      SeeInvis .   e - +0 dagger
rCold   . . .      Faith    .   (no shield)
rNeg    . . .      Spirit   .   f - +0 leather armour
rPois   .          Reflect  .   (helmet restricted)
rElec   .          Harm     .   (no cloak)
rCorr   .          Rampage  .   (no gloves)
Will    .....                   (no boots)
Stlth   ++........              (no amulet)
HPRegen 0.08/turn               (no ring)
MPRegen 0.10/turn               (no ring)

@: no status effects
A: horns 1, repulsion field 1
a: no special abilities


You escaped.
You visited 1 branch of the dungeon, and saw 2 of its levels.

You collected 30 gold pieces.

Inventory:

Hand Weapons
 e - a +0 dagger (weapon)
Missiles
 c - 35 stones
Armour
 f - a +0 leather armour (worn)
Scrolls
 b - a scroll of enchant armour {unknown}
Potions
 a - 2 potions of haste {unknown}
 d - 3 potions of ambrosia {unknown}
 g - a potion of lignification {unknown}


   Skills:
 * Level 1.6 Fighting
 + Level 0.8 Armour
 - Level 1.7 Dodging
 - Level 1.7 Stealth
 + Level 2.2 Spellcasting
 - Level 1.0 Transmutations
 + Level 2.9 Earth Magic


You had 3 spell levels left.
You knew the following spells:

 Your Spells              Type           Power      Damage    Failure   Level
a - Sandblast             Erth           24%        2d8       8%          1
b - Passwall              Tmut/Erth      7%         N/A       17%         2

Your spell library contained the following spells:

 Spells                   Type           Power      Damage    Failure   Level
 Corpse Rot               Necr/Air       4%         N/A       36%         2
 Poisonous Vapours        Pois/Air       4%         N/A       36%         2
 Stone Arrow              Conj/Erth      14%        3d7       38%         3
 Petrify                  Tmut/Erth      9%         N/A       73%         4


Dungeon Overview and Level Annotations

Branches:
Dungeon (2/15)

Altars:

Shops:
D:1 =


Innate Abilities, Weirdness & Mutations

You have a pair of small horns on your head.
You are surrounded by a mild repulsion field. (EV +2)


Message History

You are too injured to fight recklessly!
Unknown command.
You are too injured to fight recklessly!
Unknown command.
You are too injured to fight recklessly!
Unknown command.
You are too injured to fight recklessly!
Unknown command.
You are too injured to fight recklessly!
Unknown command.
Unknown command.
You are too injured to fight recklessly!
Casting: Sandblast (safe; 8% risk of failure)
Confirm with . or Enter, or press ? or * to list all spells.
Aiming: Sandblast (safe; 8% risk of failure)
Press: ? - help, Shift-Dir - straight line, f - hobgoblin
Aim: a hobgoblin (severely wounded, 79% to hit)
The blast of sand misses the hobgoblin.
The hobgoblin barely misses you.
Unknown command.
Casting: Sandblast (safe; 8% risk of failure)
Confirm with . or Enter, or press ? or * to list all spells.
Aiming: Sandblast (safe; 8% risk of failure)
Press: ? - help, Shift-Dir - straight line, f/p - hobgoblin
Aim: a hobgoblin (severely wounded, 79% to hit)
The blast of sand hits the hobgoblin!
You kill the hobgoblin!
Unknown command.
There is an open door here.
There is a stone staircase leading up here.
You climb upwards.
There is a stone staircase leading down here.
Magic restored.
There is an open door here.
There is an open door here.
There is a staircase leading out of the dungeon here.
Are you sure you want to leave the Dungeon?
This will make you lose the game!
Alright, then stay!
Unknown command.
Are you sure you want to leave the Dungeon?
This will make you lose the game!
You have escaped!

#...# #.# ##..# #.#
#..# #.# ####### #..#
#.# #.....# #.># #.#
##.....#########.#
.'.....'.........#
##.....##############
#...........#..@≈≈⌠#
###########.#...≈≈≈#
#.#...≈≈≈# #.#.##.≈≈#
#.#.##..≈# #.#......#
#.'.....⌠# ###......#
#.##...#


There were no monsters in sight!

Vanquished Creatures
  An adder (D:2)
  An orc (D:2)
  A ball python (D:2)
  A bat (D:1)
  An endoplasm (D:1)
  2 goblins (D:1)
  5 hobgoblins
  2 jackals (D:2)
  A quokka (D:2)
  A frilled lizard (D:2)
16 creatures vanquished.

Notes
Turn   | Place    | Note
-------+----------+-------------------------------------------
     0 | D:1      | protoss039 the Demonspawn Earth Elementalist began the
                  | quest for the Orb.
     0 | D:1      | Reached XP level 1. HP: 13/13 MP: 3/3
   211 | D:1      | Reached skill level 1 in Transmutations
   436 | D:1      | Found Noifiuma's Jewellery Emporium.
   492 | D:1      | Gained mutation: You are surrounded by a mild repulsion
                  | field. (EV +2) [demonic ancestry]
   492 | D:1      | Reached XP level 2. HP: 19/20 MP: 5/5
   547 | D:1      | Reached skill level 1 in Fighting
   804 | D:1      | Found a faded altar of an unknown god.
  1079 | D:2      | Learned a level 2 spell: Passwall
  1375 | D:2      | Gained mutation: You have a pair of small horns on your
                  | head. [demonic ancestry]
  1375 | D:2      | Reached XP level 3. HP: 17/26 MP: 2/6
  1465 | D:$      | Got out of the dungeon alive.

Illustrated notes

Levels and vault maps discovered:
D:1:      amcnicky_arrival_flooded_fountain, layout_basic, serial_shops,
          nicolae_square_shop, shapermc_ecumenical_altar_mp_ritualfount,
          minmay_misc_feat_plants
D:2:      layout_basic, st_stairs_11

Skill      XL: |  1  2 |
---------------+-------+-----
Transmutations | 1 |  1.0
Fighting       | 1 |  1.6
Armour         | |  0.8
Dodging        | |  1.7
Stealth        | |  1.7
Spellcasting   | |  2.2
Earth Magic    | |  2.9

Action                   || total
-------------------------++-------
Melee: Mace              ||     5
       Unarmed           ||     3
       Dagger            ||    37
 Cast: Sandblast         ||    16
 Stab: Sleeping          ||     2
Armor: Robe              ||     1
       Leather armour    ||     7
Dodge: Dodged            ||    35
